 Dungeon Crawl Stone Soup version 0.32-a0-290-g598725c5f2 (webtiles) character file.

Game seed: 11806898520686718393

763930 Newt the Merry Kobold (level 27, -13/179 HPs)
             Began as a Kobold Hunter on Feb 13, 2024.
             Was the Champion of Hepliaklqana.
             Killed from afar by a Hell Sentinel (34 damage)
             ... with damnation
             ... on level 6 of the Iron City of Dis.
             The game lasted 01:55:27 (73268 turns).

Newt the Merry Kobold (Kobold Hunter)              Turns: 73268, Time: 01:55:27

Health: -13/179    AC: 25    Str: 15    XL:     27
Magic:  35/35      EV: 51    Int:  7    God:    Hepliaklqana [******]
Gold:   7860       SH:  5    Dex: 45    Spells: 39/43 levels left

rFire   + + +        L - +9 triple crossbow (drain)
rCold   x . .        (shield currently unavailable)
rNeg    + + .        E - +8 fire dragon scales
rPois   +            S - +2 helmet of Achysch {Str+3 Int-3 Dex+9 Slay+2}
rElec   +            y - scarf {rC+ rF+}
rCorr   .            X - +0 pair of gloves of the Jabberwock {rN+ Int-2 Stlth+}
SInv    .            I - +2 pair of boots {Stlth+}
Will    +++..        d - amulet of Yminess {Reflect rElec rPois SH+5 Stlth+} Stlth *+++++++++
                     k - ring "Qare" {rElec Dex+6 Stlth+}
HPRegen 0.49/turn    v - ring "Qyckiax" {rC- rN+ Will+ Dex+3}
MPRegen 0.24/turn

%: reflection
@: studying 3 skills, corroded
A: reduced essence, small, no large weapons, nightstalker 3, mutation resistance
1, subdued magic 1
}: 6/15 runes: serpentine, barnacled, slimy, silver, obsidian, bone
a: Renounce Religion, Recall Ancestor, Ancestor Identity, Transference, Idealise


You were on level 6 of the Iron City of Dis.
You worshipped Hepliaklqana.
Hepliaklqana was exalted by your worship.
You visited 15 branches of the dungeon, and saw 71 of its levels.
You also visited: Trove, Gauntlet, Volcano and Desolation.

You collected 13209 gold pieces.
You spent 5349 gold pieces at shops.

Inventory:

Hand Weapons
 b - the +27 heavy crossbow "Sniper" {heavy, Acc+∞ SInv}
   (You found it on level 3 of the Depths)

   Acc+∞: It never misses its target.
   SInv:      It lets you see invisible.
 L - a +9 triple crossbow of draining (weapon)
Armour
 g - the +3 faerie dragon scales {Harm rCorr Int-4 Dex+5 SInv}
   (You took it off the Enchantress on level 4 of the Depths)

   Int-4:     It affects your intelligence (-4).
   Dex+5:     It affects your dexterity (+5).
   SInv:      It lets you see invisible.
   rCorr:     It protects you from acid and corrosion.
   Harm:      It increases damage dealt and taken.
 y - a scarf of resistance (worn)
 E - +8 fire dragon scales (worn)
 I - a +2 pair of boots of stealth (worn)
 S - the +2 helmet of Achysch (worn) {Str+3 Int-3 Dex+9 Slay+2}
   (You found it in a Gauntlet)

   Str+3:     It affects your strength (+3).
   Int-3:     It affects your intelligence (-3).
   Dex+9:     It affects your dexterity (+9).
   Slay+2:    It affects your accuracy & damage with ranged weapons and melee
   (+2).
 X - the +0 pair of gloves of the Jabberwock (worn) {rN+ Int-2 Stlth+}
   (You found it in a volcano)

   Int-2:     It affects your intelligence (-2).
   rN+:       It protects you from negative energy.
   Stlth+:    It makes you more stealthy.
Jewellery
 a - the amulet "Faid" {Reflect rF- Will++ Dex+8 SH+5}
   (You bought it in a shop on level 1 of the Shoals)

   [amulet of reflection]

   Reflect:   It reflects blocked missile attacks.
   Dex+8:     It affects your dexterity (+8).
   rF-:       It makes you vulnerable to fire.
   Will++:    It greatly increases your willpower.
   SH+5:      It affects your SH (+5).
 d - the amulet of Yminess (around neck) {Reflect rElec rPois SH+5 Stlth+}
   (You found it in a treasure trove)

   [amulet of reflection]

   Reflect:   It reflects blocked missile attacks.
   rElec:     It insulates you from electricity.
   rPois:     It protects you from poison SH+5: It affects your SH (+5).
   Stlth+:    It makes you more stealthy.
 k - the ring "Qare" (left hand) {rElec Dex+6 Stlth+}
   (You acquired it on level 3 of the Snake Pit)

   [ring of dexterity]

   Dex+6:     It affects your dexterity (+6).
   rElec:     It insulates you from electricity.
   Stlth+:    It makes you more stealthy.
 v - the ring "Qyckiax" (right hand) {rC- rN+ Will+ Dex+3}
   (You found it on level 4 of the Shoals)

   [ring of willpower]

   Dex+3:     It affects your dexterity (+3).
   rC-:       It makes you vulnerable to cold.
   rN+:       It protects you from negative energy.
   Will+:     It increases your willpower.
 A - the ring of Sacyomox {rPois Will++ EV+5 Stlth+}
   (You bought it in a shop on level 2 of the Snake Pit)

   [ring of evasion]

   EV+5:      It affects your evasion (+5).
   rPois:     It protects you from poison Will++: It greatly increases your
   willpower.
   Stlth+:    It makes you more stealthy.
Wands
 s - a wand of iceblast (97)
 w - a wand of flame (181)
 x - a wand of acid (75)
 O - a wand of mindburst (23)
 U - a wand of charming (67)
 Z - a wand of polymorph (6)
Scrolls
 c - 10 scrolls of poison
 e - 2 scrolls of revelation
 h - 6 scrolls of fear
 i - 2 scrolls of amnesia
 l - 19 scrolls of teleportation
 m - 3 scrolls of blinking
 n - 8 scrolls of silence
 u - a scroll of summoning
 N - 3 scrolls of brand weapon
 P - 13 scrolls of immolation
 V - 2 scrolls of torment
Potions
 f - 5 potions of magic
 p - 5 potions of ambrosia
 q - 5 potions of resistance
 r - 3 potions of cancellation
 t - 6 potions of berserk rage
 B - 5 potions of brilliance
 C - 4 potions of heal wounds
 D - 22 potions of curing
 G - 2 potions of attraction
 H - 3 potions of might
 K - 10 potions of lignification
 M - a potion of mutation
 Q - 5 potions of invisibility
 Y - 10 potions of enlightenment
Miscellaneous
 j - a sack of spiders (inert)
 o - a tin of tremorstones (inert)
 z - the horn of Geryon
 F - a lightning rod (4/4)
 R - a phial of floods
 W - a phantom mirror


   Skills:
 O Level 27 Fighting
 O Level 27 Ranged Weapons
 - Level 20.3 Armour
 O Level 27 Dodging
 - Level 14.2 Stealth
 - Level 8.9 Spellcasting
 - Level 8.7 Hexes
 - Level 8.8 Translocations
 - Level 8.3 Invocations
 * Level 26.8 Evocations


You had 39 spell levels left.
You knew the following spells:

 Your Spells              Type           Power      Damage    Failure   Level
a - Dimensional Bullseye  Hex/Tloc       5%         N/A       11%         4

Your spell library contained the following spells:

 Spells                   Type           Power      Damage    Failure   Level
 Apportation              Tloc           22%        N/A       1%          1
 Slow                     Hex            44%        N/A       1%          1
 Blink                    Tloc           22%        N/A       1%          2
 Jinxbite                 Hex            22%        N/A       1%          2
 Lesser Beckoning         Tloc           22%        N/A       1%          2
 Confusing Touch          Hex            11%        N/A       2%          3
 Gell's Gravitas          Tloc           11%        N/A       2%          3
 Sigil of Binding         Hex            11%        N/A       2%          3
 Teleport Other           Tloc           11%        N/A       2%          3
 Tukima's Dance           Hex            11%        N/A       2%          3
 Momentum Strike          Conj/Tloc      14%        3d8       10%         2
 Passage of Golubria      Tloc           11%        N/A       10%         4
 Cause Fear               Hex            5%         N/A       11%         4
 Dazzling Flash           Conj/Hex       14%        N/A       21%         3
 Inner Flame              Hex/Fire       7%         N/A       21%         3
 Volatile Blastmotes      Fire/Tloc      14%        2d11      21%         3
 Foxfire                  Conj/Fire      8%         2x1d4     38%         1
 Magic Dart               Conj           8%         1d3       38%         1
 Necrotise                Necr           8%         1d4       38%         1
 Sandblast                Erth           4%         2d4       38%         1
 Sting                    Conj/Alch      8%         1d3       38%         1
 Summon Small Mammal      Summ           8%         N/A       38%         1
 Call Imp                 Summ           4%         N/A       54%         2
 Cigotuvi's Dreadful Rot  Necr/Alch/Air  4%         N/A       54%         2
 Scorch                   Fire           4%         2d5       54%         2
 Searing Ray              Conj           4%         2d4       54%         2
 Sublimation of Blood     Necr           2%         N/A       54%         2
 Anguish                  Hex/Necr       3%         N/A       56%         4
 Iskenderun's Mystic Bla  Conj/Tloc      7%         2d4       56%         4
 Vhi's Electric Charge    Tloc/Air       14%        N/A       56%         4
 Call Canine Familiar     Summ           2%         N/A       78%         3
 Frozen Ramparts          Ice            4%         1d1       78%         3
 Hailstorm                Conj/Ice       2%         3d5       78%         3
 Mephitic Cloud           Conj/Alch/Air  2%         N/A       78%         3
 Ozocubu's Armour         Ice            2%         N/A       78%         3
 Passwall                 Erth           2%         N/A       78%         3
 Stone Arrow              Conj/Erth      4%         3d7       78%         3
 Summon Ice Beast         Ice/Summ       2%         N/A       78%         3
 Vampiric Draining        Necr           2%         2d6       78%         3
 Dispersal                Tloc           5%         N/A       86%         6
 Metabolic Englaciation   Hex/Ice        3%         N/A       89%         5
 Silence                  Hex/Air        3%         N/A       89%         5
 Summon Forest            Summ/Tloc      3%         N/A       89%         5
 Yara's Violent Unravell  Hex/Alch       3%         3d4       89%         5
 Animate Armour           Summ/Erth      4%         N/A       99%         4
 Animate Dead             Necr           2%         N/A       99%         4
 Brom's Barrelling Bould  Conj/Erth      2%         2d3       99%         4
 Dispel Undead            Necr           2%         3d7       99%         4
 Flame Wave               Conj/Fire      2%         2d4       99%         4
 Fulminant Prism          Conj/Alch      1%         3d5       99%         4
 Ignite Poison            Fire/Alch      2%         N/A       99%         4
 Leda's Liquefaction      Alch/Erth      1%         N/A       99%         4
 Martyr's Knell           Necr/Summ      2%         N/A       99%         4
 Olgreb's Toxic Radiance  Alch           2%         N/A       99%         4
 Petrify                  Alch/Erth      2%         N/A       99%         4
 Sticky Flame             Fire/Alch      2%         2d4       99%         4
 Summon Blazeheart Golem  Fire/Summ      2%         N/A       99%         4
 Summon Lightning Spire   Summ/Air       2%         N/A       99%         4
 Alistair's Intoxication  Alch           1%         N/A       100%        5
 Arcjolt                  Conj/Air       1%         1d11      100%        5
 Borgnjor's Vile Clutch   Necr/Erth      1%         N/A       100%        5
 Curse of Agony           Necr           2%         N/A       100%        5
 Fireball                 Conj/Fire      1%         3d3       100%        5
 Freezing Cloud           Conj/Ice/Air   1%         6-21      100%        5
 Irradiate                Conj/Alch      1%         3d12      100%        5
 Iskenderun's Battlesphe  Conj           2%         2d6       100%        5
 Lee's Rapid Deconstruct  Erth           1%         3d4*      100%        5
 Bombard                  Conj/Erth      1%         9d1       100%        6
 Conjure Ball Lightning   Conj/Air       1%         3x3d6     100%        6
 Death Channel            Necr           1%         N/A       100%        6
 Eringya's Noxious Bog    Alch           1%         4d6       100%        6
 Plasma Beam              Fire/Air       1%         2x1d11    100%        6
 Sculpt Simulacrum        Ice/Alch       1%         N/A       100%        6
 Starburst                Conj/Fire      1%         6d3       100%        6
 Summon Cactus Giant      Summ           1%         N/A       100%        6
 Enfeeble                 Hex            5%         N/A       100%        7
 Haunt                    Necr/Summ      1%         N/A       100%        7
 Malign Gateway           Summ/Tloc      3%         N/A       100%        7
 Orb of Destruction       Conj           1%         9d5       100%        7
 Summon Hydra             Summ           1%         N/A       100%        7
 Borgnjor's Revivificati  Necr           1%         N/A       100%        8
 Ignition                 Fire           1%         3d3       100%        8
 Infestation              Necr           1%         N/A       100%        8
 Lehudib's Crystal Spear  Conj/Erth      1%         10d2      100%        8
 Maxwell's Capacitive Co  Air            1%         ∞         100%        8
 Summon Horrible Things   Summ           1%         N/A       100%        8
 Chain Lightning          Conj/Air       1%         3d1       100%        9
 Death's Door             Necr           1%         N/A       100%        9
 Dragon's Call            Summ           1%         N/A       100%        9
 Fire Storm               Conj/Fire      1%         7d1       100%        9
 Shatter                  Erth           1%         3d5*      100%        9


Dungeon Overview and Level Annotations

Branches:
Dungeon (15/15)            Temple (1/1) D:4            Lair (5/5) D:10
 Shoals (4/4) Lair:3        Snake (4/4) Lair:2        Slime (5/5) Lair:5
    Orc (2/2) D:11            Elf (3/3) Orc:2        Vaults (5/5) D:14
  Crypt (3/3) Vaults:3       Tomb (0/3) Crypt:3      Depths (4/4) D:15
   Hell (visited)             Dis (6/7) Hell            Geh (7/7) Hell
    Coc (0/7) Hell            Tar (7/7) Hell            Zot (0/5) Depths:4
Volcano (visited)         Desolation (visited)      Gauntlet (visited)

Altars:
Ashenzari
Cheibriados
Dithmenos
Elyvilon
Fedhas
Gozag
Hepliaklqana
Kikubaaqudgha
Makhleb
Nemelex Xobeh
Okawaru
Qazlal
Ru
Sif Muna
Trog
Uskayaw
Vehumet
Wu Jian
Xom
Yredelemnul
Zin
The Shining One
Beogh
Jiyva
Lugonu

Shops:
D:5 :   D:6 :   Orc:2 =*[*   Elf:2 :   Elf:3 ?   Shoals:1 =   Shoals:3 (=
Snake:2 *:!(*   Snake:3 ?   Snake:4 *   Vaults:1 ((   Vaults:2 [   Vaults:5 ?
Depths:1 :=:

Portals:
Hell: Depths:1 Depths:2 Depths:3 Depths:4
Abyss: Lair:5 Depths:1 Depths:3
Pandemonium: Orc:2 Depths:2
Ziggurat: Depths:4


Innate Abilities, Weirdness & Mutations

Your life essence is reduced to manifest your ancestor. (-10% HP)
You are small and have problems with some larger weapons.
You are completely attuned to the shadows.
You are somewhat resistant to further mutation.
Your spells are a little easier to cast, but a little less powerful.


Message History

The burst of rock shards engulfs you but does no damage.
The burst of rock shards engulfs the Hell Sentinel but does no damage.
The burst of rock shards engulfs the Hell Sentinel!
The burst of rock shards engulfs the Hell Sentinel but does no damage.
The Hell Sentinel completely misses you.
You block the Hell Sentinel's attack. The Hell Sentinel misses you.
The Hell Sentinel hits you but does no damage.
Unknown command.
Unknown command.
The tremorstone explodes into fragments!
The burst of rock shards engulfs the Hell Sentinel but does no damage. x2
The burst of rock shards engulfs you but does no damage.
The burst of rock shards engulfs the Hell Sentinel. x2
The burst of rock shards engulfs you!!
* * * LOW HITPOINT WARNING * * *
The burst of rock shards engulfs the Hell Sentinel but does no damage. x2
The burst of rock shards engulfs you but does no damage.
The burst of rock shards engulfs the Hell Sentinel but does no damage. x4
The burst of rock shards engulfs you.
* * * LOW HITPOINT WARNING * * *
The tin is emptied!
The Hell Sentinel completely misses you.
You block the Hell Sentinel's attack.
The Hell Sentinel completely misses you. x2
Unknown command.
You reach into the sack... ...and things crawl out!
The Hell Sentinel evades a web.
The sack is emptied!
The Hell Sentinel hits you but does no damage.
The Hell Sentinel misses you.
The Hell Sentinel completely misses you. x2
Unknown command.
Unknown command.
Unknown command.
Your demonic crawler hits the Hell Sentinel but does no damage.
Your demonic crawler barely misses the Hell Sentinel.
Your demonic crawler hits the Hell Sentinel.
The Hell Sentinel gestures at you.
The sphere of damnation explodes!
The damnation engulfs you!!
You die...
Hepliaklqana delivers you to your ancestors.

.........
..........
...........
....w..)...
....s11...>
....w..s...
....@......
....#'#####
........
#########


You could see 2 Hell Sentinels, 2 friendly steelbarb worms and 2 friendly
demonic crawlers.

Vanquished Creatures
  Ereshkigal (Tar:7)
  3 dread liches
  3 ancient liches
  Mennas (Crypt:3)
  A juggernaut (Depths:3)
  Boris (twice) (Crypt:1 Crypt:2)
  Vashnia (Snake:3)
  The ghost of cforsyth the Sorcerer, a veteran DjHs (Vaults:3)
  12 caustic shrikes
  3 golden dragons (Vaults:5)
  Geryon (Hell)
  Jory (Vaults:4)
  Norris (Depths:1)
  2 hellephants (Geh:6)
  15 bone dragons
  7 profane servitors
  the Enchantress (Depths:4)
  8 doom hounds
  11 Brimstone Fiends
  6 iron giants
  10 Tzitzimimeh
  A tentacled monstrosity (Depths:2)
  3 Hell Sentinels
  Mlioglotl (Snake:1)
  13 tainted leviathans
  Jorgrun (Elf:1)
  A walking frostbound tome (Depths:3)
  2 deep elf master archers (Elf:3)
  5 titans
  8 liches
  3 deep elf blademasters
  16 acid blobs
  10 sphinxes
  A quicksilver dragon (Depths:2)
  22 searing wretches
  17 ancient champions
  6 storm dragons
  6 azure jellies (Slime:5)
  Donald (Snake:1)
  3 shadow dragons
  11 tengu reavers
  Ilsuiw (Shoals:2)
  2 revenants (Crypt:1)
  13 rockslimes
  Aizul (Snake:1)
  4 nagarajas (Snake:4)
  4 iron dragons
  20 fire giants
  An imperial myrmidon (Desolation)
  4 frost giants
  3 deep elf sorcerers
  22 balrugs
  A draconian scorcher (Depths:4)
  3 deep elf elementalists (Elf:3)
  22 vault wardens
  11 quicksilver elementals
  2 curse skulls
  A cacodemon (Hell)
  2 spectral caustic shrikes
  5 ghouls
  2 spectral juggernauts
  4 draconian stormcallers (Depths:4)
  22 ironbound preservers
  12 reapers
  4 spriggan defenders
  29 very ugly things
  19 quicksilver oozes (Slime:5)
  A juggernaut skeleton (Crypt:2)
  15 stone giants
  5 ironbound thunderhulks
  8 formless jellyfish
  12 deep elf death magi
  8 vampire knights
  6 deep elf demonologists
  12 putrid mouths
  2 red draconians (Depths:4)
  A halazid warlock (Desolation)
  10 deep elf annihilators
  7 war gargoyles
  2 spectral titans
  A green draconian (Depths:4)
  A minotaur (Gauntlet)
  8 dire elephants
  Azrael (D:14)
  4 eidola
  5 crystal guardians
  A mummy priest (Crypt:3)
  13 ettins
  10 iron golems
  3 entropy weavers
  10 merfolk impalers
  2 jiangshi
  5 merfolk javelineers
  5 ragged hierophants (Desolation)
  3 deep elf high priests
  A spectral iron giant (Tar:1)
  15 great orbs of eyes
  8 fire dragons
  21 yaktaur captains
  5 servants of whispers (Desolation)
  8 ice dragons
  A spectral spriggan (Tar:2)
  3 rakshasas
  A hydra (D:13)
  32 vault guards
  Fannar (Lair:3)
  11 salamander tyrants
  12 peacekeepers
  6 anacondas
  A demonspawn (Orc:2)
  A merfolk avatar (Shoals:4)
  2 satyrs (Shoals:4)
  2 death knights
  An alligator snapping turtle (Shoals:2)
  A two-headed ogre (shapeshifter) (Depths:2)
  12 centaur warriors
  31 dancing weapons
  An ogre mage (Vaults:5)
  23 stokers
  11 ironbound frosthearts
  2 spriggan air magi
  4 deep troll earth magi
  A two-headed ogre (D:12)
  12 deep troll shamans
  5 merfolk aquamancers (Shoals:4)
  3 boulder beetles
  5 tengu warriors
  A spectral stone giant (Tar:3)
  21 naga warriors
  3 vampire magi
  18 naga sharpshooters
  35 hell hogs
  An occultist (Depths:1)
  6 orc high priests
  5 shock serpents
  15 deep elf knights
  2 spriggan berserkers
  Nergalle (D:10)
  22 hell knights
  13 soul eaters
  4 sun demons (Hell)
  6 iron trolls
  2 thrashing horrors (Lair:5)
  A fire crab (shapeshifter) (Depths:3)
  13 shadow wraiths
  8 crystal echidnas
  2 sixfirhies
  An orb spider (shapeshifter) (Vaults:4)
  5 salamander mystics
  18 skeletal warriors
  8 skysharks
  A spectral anaconda (Tar:5)
  A sun moth (shapeshifter) (Vaults:5)
  10 sea snakes
  68 deep trolls
  8 arcanists
  3 glowing orange brains
  A bunyip skeleton (Crypt:2)
  4 orc knights (Orc:2)
  A swamp dragon (shapeshifter) (Lair:5)
  7 lindwurms
  7 naga ritualists
  4 mana vipers
  10 flayed ghosts
  An iron giant skeleton (Crypt:1)
  12 phantasmal warriors
  2 orange crystal statues (Hell)
  Pikel (D:4)
  6 deep elf archers
  A harpy (shapeshifter) (Lair:5)
  A spectral hydra (Tar:7)
  5 necromancers
  An alligator zombie (Hell)
  A steelbarb worm (shapeshifter) (Vaults:5)
  3 anaconda skeletons (Hell)
  2 spriggan simulacra
  13 deep elf zephyrmancers
  31 deep elf pyromancers
  25 harpies
  23 ironbound convokers
  A salamander (shapeshifter) (Vaults:5)
  6 orc sorcerers
  45 ugly things
  A broodmother zombie (Crypt:2)
  13 manticores
  A wolf spider (Vaults:5)
  4 shining eyes
  6 cyclopes
  26 salamanders
  5 fauns
  A goliath frog skeleton (Crypt:1)
  A stone giant zombie (Crypt:1)
  3 meliai (D:14)
  A shining eye (shapeshifter) (Depths:2)
  5 merfolk sirens
  4 centaur zombies
  2 iron dragon skeletons (Crypt:3)
  2 large abominations (Lair:5)
  A water nymph (shapeshifter) (Depths:2)
  36 black mambas
  A black mamba (shapeshifter) (Lair:5)
  18 vault sentinels
  An ice statue (Hell)
  An eye of devastation (Slime:5)
  9 naga magi
  A dire elephant zombie (Crypt:1)
  9 water nymphs
  4 molten gargoyles
  A torpor snail (Lair:5)
  3 orange demons
  2 rust devils (Depths:1)
  A dire elephant skeleton (Crypt:1)
  12 hellions
  6 gargoyles
  14 guardian serpents
  12 cane toads
  A cane toad (shapeshifter) (D:9)
  12 smoke demons
  2 rime drakes
  An unseen horror (shapeshifter) (D:14)
  Jeremiah (D:7)
  A naga skeleton (Crypt:3)
  An unseen horror (D:11)
  33 yaktaurs
  6 komodo dragons
  7 tengu conjurers
  An efreet (D:14)
  A spectral naga (Tar:1)
  3 ice devils
  9 tormentors
  A sea snake zombie (Hell)
  5 freezing wraiths
  4 kobold demonologists (D:11)
  A white draconian skeleton (Crypt:1)
  A red devil (Gauntlet)
  A hydra zombie (Hell)
  A spectral harpy (Tar:1)
  21 merfolk
  2 guardian mummies (Crypt:3)
  7 trolls
  2 silent spectres
  2 hornets
  2 hellwings (Gauntlet)
  4 harpy skeletons
  57 saltlings (Desolation)
  7 wind drakes
  3 glass eyes
  A polar bear (Lair:2)
  4 meliai zombies (D:11)
  A raiju (shapeshifter) (Vaults:5)
  3 raiju (Lair:5)
  27 blink frogs
  Grinder (D:4)
  Prince Ribbit (D:5)
  7 snapping turtles
  A centaur simulacrum (D:15)
  7 dream sheep
  A jumping spider (Vaults:4)
  84 slime creatures
  2 ynoxinuls
  5 spriggans
  10 air elementals
  An ettin skeleton (Crypt:3)
  5 vampires
  5 wyverns
  11 wraiths
  16 shadows
  7 fire elementals
  An ushabti (Crypt:3)
  22 water elementals
  2 basilisks
  10 fire bats
  3 steam dragons
  A human (shapeshifter) (D:13)
  51 yaks
  3 wargs
  3 hogs (Lair:4)
  6 vampire mosquitoes
  A chaos spawn (Lair:5)
  A swamp worm (shapeshifter) (D:14)
  2 redbacks (Vaults:4)
  Menkaure (D:7)
  An acid dragon (D:6)
  54 nagas
  A faun zombie (Crypt:2)
  2 hell hounds (D:14)
  13 water moccasins
  A faun skeleton (Crypt:1)
  Duvessa (D:5)
  25 orc warriors
  A black bear (shapeshifter) (D:14)
  2 black bears
  2 ice beasts (D:5)
  2 sky beasts
  6 laughing skulls
  10 small abominations (Lair:5)
  6 ogres
  12 wolves
  8 boggarts
  20 centaurs
  3 lemures (D:4)
  4 phantoms (D:11)
  Blork the orc (D:4)
  An earth elemental (Elf:3)
  A gnoll sergeant (D:6)
  8 bullfrogs
  2 necrophages
  A warg zombie (Crypt:2)
  A hornet simulacrum (D:15)
  16 wights
  Dowan (D:5)
  A raiju zombie (Crypt:1)
  11 killer bees
  2 spriggan skeletons
  A troll skeleton (Crypt:1)
  An electric eel (Lair:4)
  2 bombardier beetles
  5 howler monkeys (D:8)
  4 lava snakes (Volcano)
  3 crimson imps (Gauntlet)
  3 jellies
  22 orc priests
  6 hounds
  Ijyb (D:3)
  Terence (D:3)
  2 sleepcaps (D:5)
  3 iguanas
  14 orc wizards
  A deep dwarf zombie (Crypt:2)
  4 mummies (Crypt:3)
  4 gnolls (D:6)
  5 adders
  2 shadow imps
  A white imp (D:7)
  4 ufetubi
  An adder skeleton (Crypt:1)
  3 dart slugs
  3 ribbon worms
  47 orcs
  8 bats
  14 endoplasms
  4 giant cockroaches
  5 goblins
  3 hobgoblins
  21 kobolds
  6 quokkas
  11 ball pythons
  An endoplasm zombie (Crypt:1)
  8 frilled lizards
  5 rats
  2 creeping infernos (Geh:2)
  3 fire vortices (Geh:2)
2524 creatures vanquished.

Vanquished Creatures (collateral kills)
  the Royal Jelly (Slime:5)
  Asmodeus (Geh:7)
  An ancient lich (Vaults:5)
  Vv (Crypt:1)
  A profane servitor (Tar:7)
  8 bone dragons
  4 doom hounds
  3 Tzitzimimeh
  An Ice Fiend (Hell)
  3 tainted leviathans
  A tentacled monstrosity (Depths:4)
  2 Hell Sentinels (Dis:4)
  Asterion (Snake:4)
  6 acid blobs (Slime:5)
  Grunn (Crypt:3)
  A quicksilver dragon (Depths:3)
  3 ancient champions
  5 searing wretches
  A walking frostbound tome (Depths:4)
  Kirke (Lair:4)
  Gastronok (D:9)
  Frances (D:13)
  2 tengu reavers (Vaults:5)
  2 shadow dragons (Vaults:5)
  2 rockslimes (Slime:5)
  A frost giant (Depths:3)
  3 balrugs
  2 fire giants
  3 vault wardens
  2 azure jellies
  4 reapers
  2 quicksilver oozes (Slime:5)
  A ghoul (Crypt:2)
  5 ironbound preservers
  2 very ugly things
  A deep elf death mage (Elf:3)
  2 war gargoyles
  A vampire knight (Depths:2)
  A lorocyproca (Hell)
  2 dire elephants
  A deep elf annihilator (Elf:3)
  A yellow draconian (Depths:4)
  2 ettins (Vaults:4)
  A spectral quicksilver dragon (Tar:3)
  A spectral iron giant (Tar:5)
  A ragged hierophant (Desolation)
  A spectral spriggan (Tar:4)
  An iron golem (Hell)
  A deep elf high priest (Elf:3)
  An entropy weaver (shapeshifter) (D:13)
  A hydra (Lair:5)
  A rakshasa (D:15)
  2 ice dragons
  A great orb of eyes (Slime:5)
  A merfolk avatar (Shoals:4)
  A spriggan air mage (Depths:4)
  An ogre mage (Vaults:5)
  3 peacekeepers
  6 vault guards (Vaults:4)
  A centaur warrior (D:13)
  A boulder beetle (D:14)
  A deep troll earth mage (Depths:1)
  3 orc high priests
  A two-headed ogre (D:9)
  A deep troll shaman (Depths:1)
  5 hell hogs
  A skyshark (shapeshifter) (Vaults:4)
  A thrashing horror (Lair:5)
  2 naga sharpshooters
  A sun demon (Hell)
  4 hell knights (Hell)
  2 deep elf knights
  A soul eater (Hell)
  A titan skeleton (Crypt:1)
  A skeletal warrior (Crypt:2)
  A sea snake (Shoals:1)
  8 deep trolls
  2 flayed ghosts
  An anaconda zombie (Hell)
  A deep elf archer (Elf:1)
  2 arcanists
  4 naga ritualists
  3 ironbound convokers
  A spectral iron dragon (Tar:3)
  An alligator zombie (Crypt:2)
  A deep elf zephyrmancer (Elf:3)
  An orc knight (Orc:1)
  3 necromancers
  A phantasmal warrior (Vaults:5)
  3 deep elf pyromancers
  A harpy (Shoals:3)
  7 salamanders
  2 orc sorcerers
  A faun (Shoals:4)
  10 ugly things
  A cyclops (D:14)
  A guardian serpent (Desolation)
  A black mamba (Lair:1)
  A vault sentinel (Vaults:5)
  A smoke demon (Depths:1)
  Maggie (D:10)
  A naga skeleton (Crypt:2)
  A cane toad (Lair:5)
  A centaur skeleton (D:15)
  2 hellions
  A kobold demonologist (D:10)
  9 yaktaurs
  4 freezing wraiths
  2 tengu conjurers
  A hydra zombie (Hell)
  A guardian mummy (Crypt:3)
  4 merfolk
  A troll (D:14)
  A harpy skeleton (Crypt:3)
  2 wind drakes (Shoals:4)
  4 saltlings (Desolation)
  2 hornets (D:11)
  2 blink frogs (Lair:5)
  A glass eye (Depths:2)
  A dream sheep (Lair:5)
  A snapping turtle (Shoals:1)
  20 slime creatures
  A meliai zombie (D:11)
  6 shadows
  An air elemental (Shoals:4)
  A vampire (D:11)
  A spriggan (Depths:4)
  2 wraiths
  14 yaks
  A fire bat (Volcano)
  4 water elementals
  2 hogs (Lair:4)
  2 basilisks (Lair:5)
  A vampire mosquito (D:10)
  A chaos spawn (Lair:5)
  3 nagas
  5 orc warriors
  A sky beast (D:7)
  A swamp drake (D:11)
  2 laughing skulls (Crypt:1)
  A centaur (D:12)
  6 wolves
  A phantom (D:11)
  3 kobold brigands
  2 bullfrogs (D:7)
  4 wights
  4 killer bees
  4 orc priests
  An orc wizard (Orc:1)
  A mummy (Crypt:3)
  An ufetubus (Gauntlet)
  20 orcs
  A kobold (D:9)
361 creatures vanquished.

Vanquished Creatures (others)
  A sphinx (Vaults:3)
  2 stone giants
  A deep elf demonologist (Vaults:5)
  2 yaktaur captains (Vaults:5)
  A deep elf high priest (Elf:3)
  A centaur warrior (Vaults:3)
  A deep troll (Vaults:5)
  An ugly thing (Depths:1)
  A vault sentinel (Vaults:5)
  3 yaktaurs
  A shadow (Tar:5)
  A naga (Snake:4)
  25 knights
  An orc priest (D:12)
  A quokka (D:14)
  A fire vortex (Geh:2)
44 creatures vanquished.

Grand Total: 2929 creatures vanquished

Notes
Turn   | Place    | Note
-------+----------+-------------------------------------------
     0 | D:1      | Newt the Kobold Hunter began the quest for the Orb.
     0 | D:1      | Reached XP level 1. HP: 12/12 MP: 1/1
    93 | D:1      | Reached XP level 2. HP: 18/18 MP: 2/2
   329 | D:1      | Reached XP level 3. HP: 22/22 MP: 3/3
  1231 | D:1      | Found a faded altar of an unknown god.
  1314 | D:2      | Reached XP level 4. HP: 28/28 MP: 4/4
  1441 | D:2      | Identified a scroll of acquirement
  1441 | D:2      | Acquired 912 gold pieces
  1882 | D:2      | Reached XP level 5. HP: 32/32 MP: 5/5
  2313 | D:3      | Noticed Terence
  2318 | D:3      | Killed Terence
  2803 | D:3      | Noticed Ijyb
  2812 | D:3      | Killed Ijyb
  2813 | D:3      | Reached XP level 6. HP: 25/38 MP: 6/6
  2901 | D:3      | Identified the +1 robe of Iluteqorch {rElec Will- Dex+2}
  3037 | D:4      | Noticed Blork the orc
  3037 | D:4      | Noticed an ogre
  3041 | D:4      | Killed an ogre
  3045 | D:4      | Killed Blork the orc
  3046 | D:4      | Reached XP level 7. HP: 33/44 MP: 7/7
  3163 | D:4      | Noticed Grinder
  3174 | D:4      | Killed Grinder
  3175 | D:4      | Reached skill level 5 in Fighting
  3205 | D:4      | Noticed Pikel
  3221 | D:4      | Killed Pikel
  3222 | D:4      | Reached XP level 8. HP: 15/52 MP: 8/8
  3310 | D:4      | Found a staircase to the Ecumenical Temple.
  3411 | Temple   | Entered the Ecumenical Temple
  3417 | Temple   | Became a worshipper of Hepliaklqana the Forgotten
  3795 | D:5      | Entered Level 5 of the Dungeon
  3859 | D:5      | Noticed Prince Ribbit
  3869 | D:5      | Killed Prince Ribbit
  3906 | D:5      | Found Jeqeucs's Book Shoppe.
  4087 | D:5      | Noticed Duvessa
  4091 | D:5      | Killed Duvessa
  4092 | D:5      | Reached XP level 9. HP: 56/57 MP: 9/9
  4093 | D:5      | Noticed Dowan
  4096 | D:5      | Killed Dowan
  4409 | D:5      | Found a sacrificial altar of Ru.
  4741 | D:6      | Found a glowing silver altar of Zin.
  4780 | D:6      | Reached * piety under Hepliaklqana
  4834 | D:6      | Found Uceikuob's Book Emporium.
  4839 | D:6      | Bought a book of the Hunter for 364 gold pieces
  4852 | D:6      | Noticed a +0 dagger
  4852 | D:6      | Noticed a +0 falchion
  4854 | D:6      | Noticed a +0 spear
  4854 | D:6      | Noticed a +0 falchion
  4854 | D:6      | Noticed a +0 spear
  4855 | D:6      | Noticed a +0 short sword
  4858 | D:6      | Noticed a +0 short sword
  4860 | D:6      | Noticed a +0 dagger
  4875 | D:6      | Found a hide-covered altar of Uskayaw.
  5463 | D:7      | Reached XP level 10. HP: 58/58 MP: 10/10
  5467 | D:7      | Noticed Jeremiah
  5473 | D:7      | Killed Jeremiah
  5506 | D:7      | Reached skill level 15 in Ranged Weapons
  5508 | D:7      | Noticed Menkaure
  5512 | D:7      | Killed Menkaure
  5950 | D:7      | Reached ** piety under Hepliaklqana
  5951 | D:7      | Remembered your ancestor Darr as a knight
  6100 | D:7      | Got the Quarto of Amalgamated Reconfiguration
  6222 | D:8      | Acquired the +0 helmet "Efohul" {rF+ Dex+2}
  6489 | D:8      | Found a basalt altar of Yredelemnul.
  6823 | D:8      | Reached skill level 10 in Fighting
  6979 | D:8      | Found an ornate altar of the Wu Jian Council.
  7128 | D:9      | Noticed a two-headed ogre
  7132 | D:9      | Killed a two-headed ogre
  7133 | D:9      | Reached XP level 11. HP: 65/65 MP: 11/11
  7632 | D:9      | Reached skill level 5 in Dodging
  8060 | D:9      | Found an opulent altar of Gozag.
  8060 | D:9      | Found a sparkling altar of Nemelex Xobeh.
  8060 | D:9      | Found a stormy altar of Qazlal.
  8096 | D:9      | Noticed Gastronok
  8111 | D:9      | Killed Gastronok
  8286 | D:10     | Entered Level 10 of the Dungeon
  8287 | D:10     | Found a staircase to the Lair.
  8350 | D:10     | Noticed Nergalle
  8367 | D:10     | Killed Nergalle
  8425 | D:10     | You fall into a shaft and drop 3 floors!
  8447 | D:13     | Noticed a great orb of eyes
  8449 | D:13     | Noticed a boulder beetle
  8454 | D:13     | Killed a great orb of eyes
  8474 | D:13     | Killed a boulder beetle
  8599 | D:13     | Identified the +1 trident of Dithmenos's Delight {venom,
                  | rF+ Str+3}
  8635 | D:13     | Reached XP level 12. HP: 57/72 MP: 12/12
  8729 | D:13     | Noticed a centaur warrior
  8732 | D:13     | Killed a centaur warrior
  8733 | D:13     | Reached skill level 10 in Dodging
  9025 | D:13     | Reached *** piety under Hepliaklqana
  9044 | D:13     | Noticed a four-headed hydra
  9049 | D:13     | Killed a four-headed hydra
  9165 | D:11     | Found an ancient bone altar of Kikubaaqudgha.
  9949 | D:10     | Noticed Maggie
  9960 | D:10     | Killed Maggie
 10334 | D:11     | Reached skill level 1 in Evocations
 10360 | D:11     | Paralysed by a hornet for 1 turns
 10452 | D:11     | Reached XP level 13. HP: 75/79 MP: 13/13
 10483 | D:11     | Reached skill level 5 in Evocations
 11024 | D:11     | Reached **** piety under Hepliaklqana
 11169 | D:11     | Found a staircase to the Orcish Mines.
 12777 | D:12     | Found a transporter.
 12937 | D:12     | Paralysed by an orc sorcerer for 5 turns
 12949 | D:12     | Reached XP level 14. HP: 61/86 MP: 14/14
 12975 | D:12     | Found a roughly hewn altar of Beogh.
 12999 | D:12     | Found a transporter.
 13140 | D:13     | Noticed Frances
 13145 | D:13     | Killed Frances
 13499 | D:13     | Reached skill level 15 in Fighting
 13701 | D:14     | Reached ***** piety under Hepliaklqana
 13758 | D:14     | Found a gate to the Vaults.
 14030 | D:14     | Found a white marble altar of Elyvilon.
 14056 | D:14     | Noticed Azrael
 14066 | D:14     | Killed Azrael
 14319 | D:14     | Reached skill level 1 in Invocations
 14321 | D:14     | Reached XP level 15. HP: 93/93 MP: 14/16
 14613 | D:15     | Entered Level 15 of the Dungeon
 14703 | D:15     | Reached skill level 5 in Invocations
 14839 | D:15     | Found a glowing silver altar of Zin.
 15415 | D:15     | Found a staircase to the Depths.
 15933 | Lair:1   | Entered Level 1 of the Lair of Beasts
 16039 | Lair:1   | Found a dark tunnel.
 16045 | Volcano  | Entered a volcano
 16193 | Volcano  | Found a radiant altar of Vehumet.
 16302 | Volcano  | Identified the +0 pair of gloves of the Jabberwock {rN+
                  | Int-2 Stlth+}
 16840 | Lair:2   | Found a staircase to the Snake Pit.
 16852 | Lair:2   | Identified the ring of Gozag's Brutal Revenge {rCorr MP+9
                  | Str+6 Int+6}
 16998 | Lair:2   | Found a gate leading to a gauntlet.
 17004 | Gauntlet | Entered a Gauntlet
 17004 | Gauntlet | Found a transporter.
 17023 | Gauntlet | Found a runed translucent door.
 17045 | Gauntlet | Found a transporter.
 17056 | Gauntlet | Found a transporter.
 17058 | Gauntlet | Noticed a reaper
 17086 | Gauntlet | Found a transporter.
 17098 | Gauntlet | Found a transporter.
 17244 | Gauntlet | Reached XP level 16. HP: 96/100 MP: 22/22
 17265 | Gauntlet | Found a transporter.
 17271 | Gauntlet | Found a runed translucent door.
 17296 | Gauntlet | Found a transporter.
 17306 | Gauntlet | Found a transporter.
 17335 | Gauntlet | Found a transporter.
 17335 | Gauntlet | Found a transporter.
 17380 | Gauntlet | Identified the +2 helmet of Achysch {Str+3 Int-3 Dex+9
                  | Slay+2}
 17416 | Gauntlet | Identified the +10 dagger "Xiadgh" {flame, Dex+3}
 17733 | Lair:2   | Reached ****** piety under Hepliaklqana
 18761 | Lair:3   | Noticed Fannar
 18766 | Lair:3   | Killed Fannar
 18978 | Lair:3   | Found a staircase to the Shoals.
 19499 | Lair:4   | Noticed Kirke
 19502 | Lair:4   | Killed Kirke
 20298 | Lair:5   | Entered Level 5 of the Lair of Beasts
 20889 | Lair:5   | Found a corrupted altar of Lugonu.
 20897 | Lair:5   | Found a one-way gate to the infinite horrors of the Abyss.
 21038 | Lair:5   | Found a viscous altar of Jiyva.
 21041 | Lair:5   | Found a staircase to the Slime Pits.
 21448 | Shoals:1 | Entered Level 1 of the Shoals
 21469 | Shoals:1 | Found Ceonk's Jewellery Shoppe.
 21474 | Shoals:1 | Bought the amulet "Faid" {Reflect rF- Will++ Dex+8 SH+5}
                  | for 851 gold pieces
 21533 | Shoals:1 | Reached XP level 17. HP: 108/108 MP: 23/23
 22829 | Shoals:2 | Noticed Ilsuiw
 22835 | Shoals:2 | Killed Ilsuiw
 23096 | Shoals:3 | Found Zuquerulu's Weapon Emporium.
 23358 | Shoals:3 | Found Nymawnoh's Jewellery Emporium.
 23804 | Shoals:4 | Entered Level 4 of the Shoals
 23902 | Shoals:4 | Paralysed by an air elemental for 1 turns
 23921 | Shoals:4 | Reached XP level 18. HP: 115/115 MP: 24/24
 24161 | Shoals:4 | Identified the +5 morningstar of Darkness {flame, Dex+2}
 24232 | Shoals:4 | Noticed a titan
 24234 | Shoals:4 | Killed a titan
 24236 | Shoals:4 | Reached skill level 27 in Ranged Weapons
 24255 | Shoals:4 | Got a barnacled rune of Zot
 24278 | Shoals:4 | Identified the ring "Qyckiax" {rC- rN+ Will+ Dex+3}
 24437 | Shoals:4 | Found a blossoming altar of Fedhas.
 25153 | Orc:1    | Entered Level 1 of the Orcish Mines
 25216 | Orc:1    | Found a roughly hewn altar of Beogh.
 25333 | Orc:2    | Entered Level 2 of the Orcish Mines
 25492 | Orc:2    | Found Posaseip's General Store.
 25495 | Orc:2    | Found Botiar's General Store.
 25500 | Orc:2    | Bought a scroll of blinking for 135 gold pieces
 25500 | Orc:2    | Bought a scroll of silence for 171 gold pieces
 25500 | Orc:2    | Bought a wand of acid (5) for 378 gold pieces
 25524 | Orc:2    | Found a roughly hewn altar of Beogh.
 25797 | Orc:2    | Found a staircase to the Elven Halls.
 26436 | Orc:2    | Found Becupen's Antique Armour Boutique.
 26436 | Orc:2    | Found Buin's Jewellery Shop.
 26442 | Orc:2    | Found a one-way gate leading to the halls of Pandemonium.
 26554 | Orc:2    | Bought a +1 pair of boots of stealth for 247 gold pieces
 26598 | Elf:1    | Entered Level 1 of the Elven Halls
 26898 | Elf:1    | Reached XP level 19. HP: 125/125 MP: 25/25
 26925 | Elf:1    | Got the Elucidation of Destruction
 27174 | Elf:1    | Noticed Jorgrun
 27176 | Elf:1    | Killed Jorgrun
 27661 | Elf:1    | Paralysed by an air elemental for 1 turns
 27796 | Elf:2    | Found a runed translucent gate.
 27796 | Elf:2    | Found a runed translucent gate.
 27796 | Elf:2    | Found a runed translucent gate.
 27852 | Elf:2    | Reached skill level 5 in Stealth
 27990 | Elf:2    | Found Arhae's Weapon Emporium.
 27994 | Elf:2    | Found Famo's Book Emporium.
 28797 | Elf:2    | Noticed a deep elf blademaster
 28798 | Elf:2    | Killed a deep elf blademaster
 28808 | Elf:2    | Reached skill level 10 in Stealth
 29626 | Elf:3    | Entered Level 3 of the Elven Halls
 29980 | Elf:3    | Noticed a deep elf blademaster
 29986 | Elf:3    | Killed a deep elf blademaster
 29987 | Elf:3    | Reached XP level 20. HP: 87/133 MP: 21/26
 30604 | Elf:3    | Identified the +4 ring mail of Incorporation {+Blink Dex+3}
 30714 | Elf:3    | Identified the staff of the Hurting Gods {rPois rC++ Int+4
                  | Fire Alchemy}
 30853 | Elf:3    | Found Gealuyss's Magic Scroll Boutique.
 31768 | Snake:1  | Entered Level 1 of the Snake Pit
 31768 | Snake:1  | Noticed Donald
 31773 | Snake:1  | Killed Donald
 31861 | Snake:1  | Identified the serpent talisman of Duty {rElec rF++ Str+3
                  | Dex-2}
 31861 | Snake:1  | Noticed Aizul
 31864 | Snake:1  | Killed Aizul
 32298 | Snake:1  | Noticed Mlioglotl
 32303 | Snake:1  | Killed Mlioglotl
 33224 | Snake:2  | Found Kexkacul's Assorted Antiques.
 33227 | Snake:2  | Found Cesash's Antique Weapon Shop.
 33227 | Snake:2  | Found Guyw's Distillery.
 33232 | Snake:2  | Bought a potion of resistance for 270 gold pieces
 33233 | Snake:2  | Found Nosiusmu's Assorted Antiques.
 33235 | Snake:2  | Bought a potion of heal wounds for 90 gold pieces
 33235 | Snake:2  | Bought a potion of invisibility for 144 gold pieces
 33235 | Snake:2  | Bought a potion of haste for 180 gold pieces
 33238 | Snake:2  | Bought a fine copper ring for 145 gold pieces
 33238 | Snake:2  | Identified the ring of Sacyomox {rPois Will++ EV+5 Stlth+}
                  | (You bought it in a shop on level 2 of the Snake Pit)
 33238 | Snake:2  | Bought a potion of heal wounds for 145 gold pieces
 33247 | Snake:2  | Bought a dazzling orcbow for 263 gold pieces
 33247 | Snake:2  | Identified the +6 orcbow of Orathed {flame, Int-4 Dex+3
                  | SInv} (You bought it in a shop on level 2 of the Snake Pit)
 33334 | Snake:2  | Found Tirum's Book Shoppe.
 33506 | Snake:3  | Noticed Vashnia
 33526 | Snake:3  | Killed Vashnia
 33727 | Snake:3  | Reached skill level 15 in Dodging
 33742 | Snake:3  | Reached XP level 21. HP: 140/140 MP: 27/27
 33977 | Snake:3  | Found Ogyeloe's Magic Scroll Emporium.
 33995 | Snake:3  | Bought a scroll of acquirement for 936 gold pieces
 34460 | Snake:4  | Entered Level 4 of the Snake Pit
 34897 | Snake:4  | Noticed Asterion
 34903 | Snake:4  | Killed Asterion
 34942 | Snake:4  | Reached skill level 1 in Spellcasting
 34942 | Snake:4  | Reached skill level 1 in Hexes
 34942 | Snake:4  | Reached skill level 1 in Translocations
 35147 | Snake:4  | Got a serpentine rune of Zot
 35891 | Snake:4  | Found Buarph's Neck Hole.
 36316 | Vaults:1 | Entered Level 1 of the Vaults
 36692 | Vaults:1 | Found Ubiudes's Weapon Emporium.
 36827 | Vaults:1 | Reached XP level 22. HP: 146/146 MP: 28/28
 37129 | Vaults:1 | Reached skill level 5 in Spellcasting
 37174 | Vaults:1 | Reached skill level 5 in Translocations
 37180 | Vaults:1 | Reached skill level 5 in Hexes
 37343 | Vaults:1 | Acquired the ring "Qare" {rElec Dex+6 Stlth+}
 37528 | Vaults:1 | Learned a level 4 spell: Dimensional Bullseye
 37616 | Vaults:1 | Found Harom's Antique Weapon Shop.
 38488 | Vaults:2 | Found Inotitwi's Armour Emporium.
 38493 | Vaults:2 | Bought the +1 leather armour "Siusal" {rCorr Int+2 Dex-3
                  | Slay+3} for 331 gold pieces
 39018 | Vaults:2 | Reached XP level 23. HP: 153/153 MP: 34/34
 39451 | Vaults:2 | Found the +10 tower shield of Ignorance {rN+ Int-4}
 40463 | Vaults:3 | Found a staircase to the Crypt.
 41057 | Vaults:3 | Found a large runed translucent door.
 41057 | Vaults:3 | Found a large runed translucent door.
 41059 | Vaults:3 | Noticed cforsyth's ghost (veteran DjHs)
 41367 | Vaults:3 | Reached skill level 10 in Evocations
 41464 | Vaults:3 | Killed cforsyth's ghost
 41556 | Vaults:4 | Found a crumbling gateway.
 41562 | Desolati | Entered the Desolation of Salt
 41648 | Desolati | Got the Incunable of the Frostbitten Morgue
 41651 | Desolati | Got the Lectures on the Adder
 41762 | Desolati | Reached XP level 24. HP: 131/159 MP: 35/35
 43170 | Snake:4  | Bought a scarf of resistance for 576 gold pieces
 44768 | Vaults:4 | Identified the +2 whip of Tesoxt {elec, rF- rN++ Str+6}
 44957 | Vaults:4 | Reached skill level 15 in Evocations
 45017 | Vaults:5 | Entered Level 5 of the Vaults
 45623 | Vaults:5 | Reached skill level 27 in Fighting
 45627 | Vaults:5 | Reached skill level 1 in Armour
 45637 | Vaults:5 | Reached XP level 25. HP: 155/168 MP: 35/35
 46361 | Vaults:5 | Reached skill level 5 in Armour
 46980 | Vaults:5 | Noticed Jory
 47002 | Vaults:4 | Killed Jory
 47592 | Vaults:5 | Identified the +2 robe of the Old and Reckless {Harm
                  | *Corrode Will+ Str+4}
 47600 | Vaults:5 | Noticed an ancient lich
 47607 | Vaults:5 | Killed an ancient lich
 47831 | Vaults:5 | Found Domex's Magic Scroll Boutique.
 47845 | Vaults:5 | Bought a scroll of brand weapon for 123 gold pieces
 47888 | Vaults:5 | Reached skill level 10 in Armour
 47970 | Vaults:5 | Identified the ring "Yhazxow" {rN+ Will+ rCorr Str+3 Dex-4}
 47982 | Vaults:5 | Identified the ring of Wiussoho {Wiz Dex+4}
 48453 | Vaults:5 | Got a silver rune of Zot
 48470 | Vaults:5 | Identified the ring of Agnosticism {^Drain *Slow rN+++
                  | rCorr Int+2}
 48989 | Depths:1 | Entered Level 1 of the Depths
 49006 | Depths:1 | Found a portal to a secret trove of treasure.
 49038 | Depths:1 | Noticed Norris
 49043 | Depths:1 | Killed Norris
 49093 | Depths:1 | Identified the +6 great sword of Meuc {pain, Fly Str+5
                  | Int-3}
 49136 | Depths:1 | Found a gateway to Hell.
 49271 | Depths:1 | Reached XP level 26. HP: 173/173 MP: 35/35
 49364 | Depths:1 | Found a broken altar of Ashenzari.
 49573 | Depths:1 | Found a shimmering altar of Xom.
 50077 | Depths:1 | Found Boischyw's Book Boutique.
 50077 | Depths:1 | Found Nyxatuos's Book Boutique.
 50078 | Depths:1 | Found Oloil's Jewellery Emporium.
 51826 | Depths:3 | Reached XP level 27. HP: 179/179 MP: 35/35
 52025 | Depths:3 | Noticed a juggernaut
 52036 | Depths:3 | Killed a juggernaut
 52211 | Depths:3 | Found the +27 heavy crossbow "Sniper" {heavy, Acc+∞ SInv}
 52211 | Depths:3 | Found the +7 great mace "Undeadhunter" {deathbane, rN+}
 52211 | Depths:3 | Found the +8 trishula "Condemnation" {holy, anguish, *Noise
                  | Fly rN+}
 52213 | Depths:3 | Identified the +3 spear of Tuushreo {heavy, Str+4}
 52213 | Depths:3 | Identified the ring "Nuujeuda" {Fly rC- Will++ Int+3}
 52213 | Depths:3 | Identified the staff "Vifeplotz" {rN+ Dex+2 Necro}
 52353 | Depths:3 | Identified the +0 leather armour of Ossaupt {Int+2}
 52516 | Depths:4 | Entered Level 4 of the Depths
 52547 | Depths:4 | Noticed the Enchantress
 52553 | Depths:4 | Killed the Enchantress
 52863 | Depths:4 | Found a one-way gateway to a ziggurat.
 53090 | Depths:4 | Found a gate to the Realm of Zot.
 53931 | Slime:1  | Entered Level 1 of the Pits of Slime
 54811 | Slime:4  | Gained mutation: You occasionally lose the ability to drink
                  | potions when taking damage. [a shining eye]
 55035 | Slime:5  | Entered Level 5 of the Pits of Slime
 55201 | Slime:5  | Noticed the Royal Jelly
 55689 | Slime:5  | Killed the Royal Jelly
 55806 | Slime:5  | Identified the ring "Gasoham" {rPois Slay+2}
 55819 | Slime:5  | Got the Incunable of Horrible Ignition
 55835 | Slime:5  | Got the Reference Book on Outbursts
 55838 | Slime:5  | Identified the +3 spear of the Revolution {drain, rC+ rN+
                  | Str+8 Int-4}
 55862 | Slime:5  | Identified the +4 scale mail "Qinyr" {rN+}
 55866 | Slime:5  | Got a slimy rune of Zot
 55895 | Slime:5  | Identified the +2 ring mail "Fopyshi" {Will++ Str-5 Int+5}
 56517 | Depths:1 | You paid a toll of 7 potions of haste to enter a treasure
                  | trove
 56518 | Trove    | Entered a treasure trove
 56523 | Trove    | Found the +2 cloak of the Thief {*Fog Slay-2 SInv Stlth+}
 56523 | Trove    | Found the +0 pair of fencer's gloves {Riposte Dex+3}
 56534 | Trove    | Identified the amulet of Yminess {Reflect rElec rPois SH+5
                  | Stlth+}
 56545 | Trove    | Identified the ring of Veir {MP+9 Dex+2}
 56782 | Crypt:1  | Entered Level 1 of the Crypt
 56863 | Crypt:1  | Identified the +2 robe "Toorir" {Dex+3}
 56863 | Crypt:1  | Noticed Boris
 56869 | Crypt:1  | Killed Boris
 57041 | Crypt:1  | Noticed Vv
 57049 | Crypt:1  | Killed Vv
 57807 | Crypt:2  | Identified the +4 robe of Uskayaw's Anger {rF- Will+ Int+2}
 57807 | Crypt:2  | Noticed Boris
 57810 | Crypt:2  | Killed Boris
 58418 | Crypt:2  | Identified the +6 sling of Fim Nodoo {flame, Dex-4 SInv
                  | Stlth+}
 58459 | Crypt:3  | Entered Level 3 of the Crypt
 59250 | Crypt:3  | Identified the staff of Compound Interest {rN+ Dex+2 SInv
                  | Necro Ice}
 59696 | Crypt:3  | Noticed Mennas
 59712 | Crypt:3  | Killed Mennas
 59858 | Crypt:3  | Noticed Grunn
 59864 | Crypt:3  | Killed Grunn
 59882 | Crypt:3  | Found an ancient bone altar of Kikubaaqudgha.
 59892 | Crypt:3  | Noticed a dread lich
 59894 | Crypt:3  | Killed a dread lich
 59895 | Crypt:3  | Reached skill level 27 in Dodging
 60243 | Crypt:3  | Found a staircase to the Tomb.
 60243 | Crypt:3  | Noticed an ancient lich
 60245 | Crypt:3  | Killed an ancient lich
 60332 | Crypt:3  | Identified the amulet "Ilyisus" {RegenMP ^Drain Int+4 SInv}
 60853 | Hell     | Entered the Vestibule of Hell
 60853 | Hell     | Noticed Geryon
 60857 | Hell     | Killed Geryon
 60867 | Hell     | Reached skill level 15 in Armour
 61802 | Hell     | Found a gateway to the ashen valley of Gehenna.
 61943 | Hell     | Found a gateway to the Iron City of Dis.
 62040 | Hell     | Found a gateway to the freezing wastes of Cocytus.
 62145 | Hell     | Found a gateway to the decaying netherworld of Tartarus.
 62302 | Geh:1    | Entered Level 1 of Gehenna
 63944 | Geh:4    | You fall into a shaft and drop 2 floors!
 64220 | Geh:7    | Entered Level 7 of Gehenna
 64775 | Geh:7    | Lost mutation: You occasionally lose the ability to drink
                  | potions when taking damage. [potion of mutation]
 64775 | Geh:7    | Gained mutation: You are frail. (-10% HP) [potion of
                  | mutation]
 64775 | Geh:7    | Gained mutation: Your body sometimes deteriorates upon
                  | taking damage. [potion of mutation]
 64775 | Geh:7    | Lost mutation: Your body sometimes deteriorates upon taking
                  | damage. [potion of mutation]
 64775 | Geh:7    | Gained mutation: You are partially covered in iridescent
                  | scales. (AC +2) [potion of mutation]
 64776 | Geh:7    | Lost mutation: You are frail. (-10% HP) [potion of
                  | mutation]
 64776 | Geh:7    | Lost mutation: You are partially covered in iridescent
                  | scales. (AC +2) [potion of mutation]
 64776 | Geh:7    | Gained mutation: You occasionally lose the ability to read
                  | scrolls when taking damage. [potion of mutation]
 64776 | Geh:7    | Gained mutation: You have an increased reservoir of magic.
                  | (+10% MP) [potion of mutation]
 64777 | Geh:7    | Lost mutation: You have an increased reservoir of magic.
                  | (+10% MP) [potion of mutation]
 64777 | Geh:7    | Lost mutation: You occasionally lose the ability to read
                  | scrolls when taking damage. [potion of mutation]
 64777 | Geh:7    | Gained mutation: Your spells are a little easier to cast,
                  | but a little less powerful. [potion of mutation]
 64777 | Geh:7    | Gained mutation: You are somewhat resistant to further
                  | mutation. [potion of mutation]
 64858 | Geh:7    | Found the +13 sceptre of Asmodeus
 64858 | Geh:7    | Noticed Asmodeus
 64868 | Geh:7    | Killed Asmodeus
 64962 | Geh:7    | Got an obsidian rune of Zot
 65518 | Geh:7    | Identified the staff "Mokeoba" {rC+ rCorr Ice}
 65519 | Geh:7    | Identified the staff "Thing" {rElec rPois SInv Alchemy}
 66107 | Tar:1    | Entered Level 1 of Tartarus
 67570 | Tar:3    | You fall into a shaft and drop 2 floors!
 67583 | Tar:5    | Noticed an ancient lich
 67589 | Tar:5    | Killed an ancient lich
 67602 | Tar:5    | HP: 7/179 [poison (dark miasma)]
 67609 | Tar:5    | HP: 3/177 [spectral iron giant[an eidolon] (31)]
 69262 | Tar:7    | Entered Level 7 of Tartarus
 69267 | Tar:7    | Noticed a dread lich
 69269 | Tar:7    | Killed a dread lich
 69704 | Tar:7    | Noticed an ancient lich
 69711 | Tar:7    | Killed an ancient lich
 70004 | Tar:7    | Noticed a dread lich
 70007 | Tar:7    | Killed a dread lich
 70236 | Tar:7    | Identified the +8 battleaxe of a bailey {heavy, rElec
                  | rPois}
 70259 | Tar:7    | Identified the +0 scimitar of Pain and Death {freeze,
                  | Stlth+}
 70740 | Tar:7    | Noticed Ereshkigal
 70747 | Tar:7    | Killed Ereshkigal
 70773 | Tar:7    | Got a bone rune of Zot
 71157 | Dis:1    | Entered Level 1 of the Iron City of Dis
 71524 | Dis:2    | You fall into a shaft and drop 1 floor!
 73268 | Dis:6    | Killed from afar by a Hell Sentinel

Illustrated notes

Levels and vault maps discovered:
D:1:      dpeg_arrival_solitude, layout_basic, chequers_ecumenical_altar_island,
          lexackson_kobold_supper
D:2:      layout_loops_ring, kennysheep_pointless_box
D:3:      layout_basic, kennysheep_boxes, uniq_ijyb, uniq_terence
D:4:      layout_basic, minmay_temple_entry_drinking_statues, uniq_grinder,
          uniq_pikel, uniq_blork_the_orc
D:5:      layout_basic, nicolae_ru_path_of_blood, serial_shops, kennysheep_mini,
          hellmonk_no_cap, uniq_duvessa, uniq_prince_ribbit1
D:6:      layout_rooms, lemuel_round_altar, nicolae_uskayaw_en_pointe,
          serial_shops, nicolae_shop_pleasant_corner_grove, minmay_misc_feat_iff
D:7:      layout_gridville, minivault_25, hangedman_abyss_or_decor_slice,
          amethyst_killhole, hangedman_abyss_or_decor_stabs,
          kennysheep_generic_room_9, uniq_jeremiah, uniq_menkaure
D:8:      layout_basic, kennysheep_mini_moat, nicolae_overflow_hidden_temple
D:9:      layout_cave_pods, gammafunk_temple_overflow_claw, uniq_gastronok
D:10:     layout_loops_ring, lair_entry_dummy, special_room [special_room_orc],
          minmay_misc_feat_nine_boxes, uniq_maggie, uniq_nergalle
D:11:     bobbens_index_wilting_gardens, layout_loops_ring, erik_orc_1,
          hangedman_decor_points, small_statue_intersection,
          kiku_gazebo_garden_becter
D:12:     gammafunk_beogh_shrine, layout_long_grid, serial_bayou_lagoon_a,
          amcnicky_mini_corridor_feature
D:13:     layout_big_octagon, minmay_hollow_rounded_squares, uniq_frances
D:14:     kennysheep_bubbly, layout_basic, david_vaults_2, elyvilon_altar_4,
          uniq_azrael
D:15:     grunt_enter_depths_magical_seal, layout_loops_ring, zin_academy
Temple:   eino_narrow_crystal_temple
Lair:1:   layout_cave_shapes, nicolae_volcano_entry_batcave
Lair:2:   layout_cave_pods, guppyfry_snake_entry_island, gauntlet_entry_generic,
          chequers_serial_rivers_micro_b
Lair:3:   layout_cave_pods, elwin_shoals_entry_rooms, minmay_stone_trees_small,
          minmay_hedge_maze, uniq_fannar
Lair:4:   layout_regular_city, infiniplex_staircase_pool, grunt_megastairs_1,
          serial_bayou_shore_a, lemuel_fruit_tree, lemuel_fruit_fields,
          uniq_kirke
Lair:5:   hellmonk_lair_end_abyssal_woods, layout_layer_cave,
          nicolae_slime_entry_slimehenge, serial_bayou_shore_b
Shoals:1: layout_shoals, serial_shops, shop
Shoals:2: layout_shoals, nicolae_shoals_land_atoll, uniq_ilsuiw
Shoals:3: layout_shoals, serial_shops, shop, nicolae_shop_trees
Shoals:4: shoals_end_hellmonk_storm_palace [storm_palace_center_circular,
          storm_palace_corner_blocked, storm_palace_corner_pillars,
          storm_palace_corner_altar, storm_palace_corner_grid]
Snake:1:  layout_layer_cave, uniq_donald, uniq_mlioglotl, uniq_aizul
Snake:2:  layout_rooms, nicolae_take_the_stairs, minmay_shoptagon
Snake:3:  layout_cave_town, serial_shops, shop, grunt_ministairs_10,
          uniq_vashnia
Snake:4:  johnstein_snake_rune_scales, layout_chambers,
          nicolae_shop_sticking_my_neck_out, uniq_asterion
Slime:1:  layout_caves
Slime:2:  layout_caves
Slime:3:  layout_caves
Slime:4:  layout_caves
Slime:5:  slime_pit_nicolae_royal_road_to_ruin
Orc:1:    layout_caves, basic_altar, portal_ice_cave_entry_pillars_1,
          nicolae_orc_sculptors_studio, minmay_orc_temple_b
Orc:2:    pf_orc_diabolical, layout_caves, basic_altar, nicolae_orc_stony_grotto
Elf:1:    kennysheep_six_static_rooms, layout_onion_city,
          minmay_elf_annihilation, library_closet, uniq_jorgrun
Elf:2:    nicolae_elf_blades_splatter_lattice [infiniplex_blade_entry_pillars],
          layout_rooms, st_stairs_10, serial_sigils_hangedman_scratch,
          minmay_shop_star
Elf:3:    grunt_elf_hall_asides, layout_loops_cross, serial_shops,
          nicolae_shop_behind_doors, minivault_11, grunt_ministairs_13,
          minmay_misc_feat_pillars
Vaults:1: v_rooms_6, ontoclasm_vaults_loading_screen, ontoclasm_vaults_bender,
          nicolae_vaults_branching_niches, v_pattern_2,
          vaults_room_grunt_arrival_checkpoint, nicolae_vaults_more_shelving_1,
          v_misc_22, nicolae_vaults_heart-shaped_vault,
          nicolae_vaults_tetromino_Z_2, nicolae_vaults_taking_the_gang_shopping,
          nicolae_vaults_tetromino_T_1, layout_vaults_omnicross, serial_shops,
          shop
Vaults:2: nicolae_vaults_network_quinsquares
          [nicolae_vaults_network_quincunx_subvault,
          nicolae_vaults_network_quincunx_subvault,
          nicolae_vaults_network_quincunx_subvault,
          nicolae_vaults_network_quincunx_subvault],
          nicolae_vaults_three_branches, nicolae_vaults_sesquioval_fish,
          ontoclasm_vaults_fire_temple, v_alt_pattern_2,
          nicolae_vaults_closet_pinwheel_2, v_misc_9, nicolae_vaults_diamond_1,
          layout_vaults_chaotic_city, serial_shops, nicolae_shop_hallway_stairs
Vaults:3: advil_vaults_ghost_guards, hangedman_vaults_snaps,
          nicolae_vaults_inception_scallops, v_pattern_1, hangedman_vaults_maws,
          nicolae_vaults_double_plus_1, nicolae_vaults_tetromino_T_1,
          minmay_crypt_entry_simple_sparse, dpeg_vaults_monster_box, v_misc_5,
          ontoclasm_vaults_ligature, nicolae_vaults_hexular_roomagon,
          layout_vaults_ring
Vaults:4: portal_desolation_entry_nicolae_slug, v_pattern_4,
          nicolae_vaults_wine_cellar, vaults_room_boxed, v_misc_33,
          nicolae_vaults_stepped_doors, vaults_room_grunt_arrival_ludios,
          layout_vaults_omnigrid
Vaults:5: uniq_jory
Crypt:1:  layout_misc_corridors, uniq_vv, uniq_boris
Crypt:2:  layout_misc_corridors, grunt_ministairs_10, minmay_misc_feat_cross,
          nicolae_crypt_reliquary_box, serial_sigils_hangedman_confine
Crypt:3:  quadcrypt_mu, uniq_grunn, uniq_mennas
Depths:1: layout_long_grid, abyss_entry, lightli_too_deep,
          nicolae_ashenzari_skybound, nicolae_trove_entry_columns,
          xom_confusion_cloud, minmay_shop_grove,
          infiniplex_staircase_pool_lava, serial_bayou_shore_b,
          grunt_megastairs_5, uniq_norris
Depths:2: hangedman_cross_veins, layout_basic, minmay_staircase_bubble,
          grunt_pan_entry_zigzag, hell_entry, nicolae_twisting_strands
Depths:3: minmay_the_grid_net [minmay_the_grid_stretched_grid,
          minmay_the_grid_holed_spiral, minmay_the_grid_x,
          minmay_the_grid_embedded, minmay_the_grid_mess,
          minmay_the_grid_prize_shrinking_boxes], layout_cave_shapes,
          abyss_entry, hell_entry, infiniplex_staircase_pillars_1
Depths:4: evilmike_zot_entry_argh, layout_cave_shapes, enter_ziggurat_e,
          pf_coc_iceberg, chequers_decorated_corner,
          ebering_dispersal_statue_hall, uniq_enchantress
Hell
Dis:1:    layout_overlapping_boxes, nicolae_dis_grated_feature
Dis:2:    layout_regular_city
Dis:3:    layout_subdivisions
Dis:4:    nicolae_dis_big_iron_x
Dis:5:    layout_jigsaw, nicolae_dis_big_boring_drill
Dis:6:    layout_regular_city
Geh:1:    layout_gehenna_lava_caves
Geh:2:    nicolae_geh_erupted_tower, layout_gehenna_pools_triple
Geh:3:    layout_gehenna_lava_caves
Geh:4:    layout_gehenna_lava_caves
Geh:6:    layout_gehenna_pools_box
Geh:7:    evilmike_geh
Tar:1:    layout_grid_maze
Tar:2:    layout_grid_maze
Tar:3:    layout_grid_maze, nicolae_hells_fiendish_ambush
Tar:4:    layout_grid_maze
Tar:5:    minmay_shadows, layout_grid_maze
Tar:6:    layout_honeycomb
Tar:7:    tar_old

Skill      XL: |  1  2  3  4  5  6  7  8  9 10 11 12 13 14 15 16 17 18 19 20 21 22 23 24 25 26 27 |
---------------+----------------------------------------------------------------------------------+-----
Ranged Weapons | 6 7 8 11 12 14 17 19 21 22 24 26 27 | 27.0
Fighting       | 3 4 6 7 8 10 11 13 14 16 17 18 19 22 23 24 25 27 | 27.0
Dodging        | 9 12 15 17 18 22 27 | 27.0
Evocations     | 4 7 11 15 26 | 26.8
Invocations    | 1 8 |  8.3
Stealth        | 12 14 | 14.2
Spellcasting   | 4 7 8 |  8.9
Hexes          | 4 7 8 |  8.7
Translocations | 4 7 8 |  8.8
Armour         | 2 10 20 | 20.3

Action                     |  1- 3 |  4- 6 |  7- 9 | 10-12 | 13-15 | 16-18 | 19-21 | 22-24 | 25-27 || total
---------------------------+-------+-------+-------+-------+-------+-------+-------+-------+-------++-------
   Fire: Shortbow          |     5 |       |       |       |   135 |       |       |       |       ||   140
         Sling             |    47 |    90 |   158 |   510 |   349 |       |       |       |       ||  1154
         Arbalest          |       |       |       |       |   393 |   516 |       |       |       ||   909
         Triple crossbow   |       |       |       |       |       |   218 |   669 |   836 |  1371 ||  3094
         Heavy crossbow    |       |       |       |       |       |       |       |       |   570 ||   570
   Cast: Dimensional Bulls |       |       |       |       |       |       |       |     7 |     5 ||    12
 Invoke: Ancestor Life: Kn |       |       |       |     1 |       |       |       |       |       ||     1
         Recall Ancestor   |       |       |       |     1 |     3 |     1 |     1 |     1 |    12 ||    19
         Idealise          |       |       |       |       |       |       |     2 |       |     4 ||     6
         Transference      |       |       |       |       |       |       |       |       |     4 ||     4
  Evoke: Wand              |       |       |     3 |     3 |     1 |       |       |       |     1 ||     8
         Phantom mirror    |       |       |       |       |     2 |       |       |       |     2 ||     4
         Phial of floods   |       |       |       |       |     1 |       |       |       |       ||     1
         Tin of tremorston |       |       |       |       |       |       |       |       |     6 ||     6
         Horn of Geryon    |       |       |       |       |       |       |       |       |     4 ||     4
         Sack of spiders   |       |       |       |       |       |       |       |       |     4 ||     4
         Lightning rod     |       |       |       |       |       |       |       |       |     1 ||     1
    Use: Scroll            |     1 |     2 |     6 |     7 |    12 |     7 |     9 |     3 |    25 ||    72
         Potion            |       |       |     1 |     2 |     7 |     2 |       |     3 |    17 ||    32
 Armour: Leather armour    |    12 |    16 |       |       |       |       |       |    65 |    91 ||   184
         Robe              |       |     5 |    40 |    55 |       |       |    26 |    13 |       ||   139
         Troll leather arm |       |       |       |    34 |   184 |    55 |    29 |       |       ||   302
         Fire dragon scale |       |       |       |       |       |       |       |       |   289 ||   289
         Acid dragon scale |       |       |       |       |       |       |       |       |    43 ||    43
  Dodge: Dodged            |    21 |    32 |    54 |   160 |   428 |   242 |   172 |   384 |  1882 ||  3375
  Block: Other             |       |       |       |       |       |    25 |    30 |    52 |   197 ||   304
         Reflection        |       |       |       |       |       |     6 |    10 |    10 |    14 ||    40

Table legend: (Time is in decaauts)
 A = Elapsed time spent in this place.
 B = Non-inter-level travel time spent in this place.
 C = Inter-level travel time spent in this place.
 D = Time resting spent in this place.
 E = Time spent auto-exploring this place.
 F = Levels seen in this place.
 G = Mean time per level.
                   A        B        C        D        E       F      G
               +--------+--------+--------+--------+--------+-----+--------+
         Total |  74600 |  67723 |   6877 |  10196 |  46926 |  75 |  994.7 |
       Dungeon |  17192 |  15154 |   2038 |   1321 |  11516 |  15 | 1146.1 |
        Temple |     12 |      1 |     11 |      0 |      0 |   1 |   12.0 |
          Lair |   5477 |   4554 |    923 |      2 |   3882 |   5 | 1095.4 |
        Shoals |   4170 |   3687 |    483 |     31 |   2988 |   4 | 1042.5 |
     Snake Pit |   4673 |   3946 |    727 |     45 |   3268 |   4 | 1168.2 |
    Slime Pits |   2302 |   2153 |    149 |     66 |   1807 |   5 |  460.4 |
  Orcish Mines |   1541 |   1247 |    294 |      0 |   1002 |   2 |  770.5 |
   Elven Halls |   4615 |   4267 |    348 |   1076 |   2563 |   3 | 1538.3 |
        Vaults |  11077 |  10249 |    828 |   3020 |   5771 |   5 | 2215.4 |
         Crypt |   3798 |   3731 |     67 |    230 |   3009 |   3 | 1266.0 |
        Depths |   5452 |   5067 |    385 |    679 |   3609 |   4 | 1363.0 |
          Hell |   1435 |   1354 |     81 |    602 |    474 |   1 | 1435.0 |
           Dis |   2153 |   2102 |     51 |    839 |    934 |   6 |  358.8 |
       Gehenna |   3945 |   3790 |    155 |    352 |   2877 |   6 |  657.5 |
      Tartarus |   4825 |   4496 |    329 |   1901 |   2026 |   7 |  689.3 |
         Trove |     46 |     46 |      0 |      0 |      0 |   1 |   46.0 |
       Volcano |    328 |    328 |      0 |     29 |    164 |   1 |  328.0 |
    Desolation |   1125 |   1125 |      0 |      0 |    816 |   1 | 1125.0 |
      Gauntlet |    425 |    425 |      0 |      0 |    217 |   1 |  425.0 |
               +--------+--------+--------+--------+--------+-----+--------+

Top non-repeatable levels by time:
Vaults:4: 3873 daAuts
Vaults:1: 2422 daAuts
    D:11: 2253 daAuts
Depths:1: 2156 daAuts
 Crypt:3: 2087 daAuts
Vaults:2: 2005 daAuts
   Geh:7: 1927 daAuts
   Elf:3: 1879 daAuts
   Tar:7: 1744 daAuts
 Snake:4: 1680 daAuts
   Elf:2: 1529 daAuts
    D:15: 1442 daAuts
    Hell: 1435 daAuts
Vaults:3: 1413 daAuts
    D:13: 1377 daAuts
